 Dungeon Crawl Stone Soup version 0.29-a0-845-g6161e89988 (webtiles) character file.

Game seed: 5866931698402168546

41 jlumianski the Trooper (level 3, 0/29 HPs)
             Began as a Demonspawn Fighter on July 15, 2022.
             Succumbed to Robin's poison
             ... on level 1 of the Dungeon.
             The game lasted 00:03:29 (1393 turns).

jlumianski the Trooper (Demonspawn Fighter)         Turns: 1393, Time: 00:03:30

Health: 0/29       AC:  6    Str: 15 (18) XL:     3   Next: 32%
Magic:  3/3        EV: 11    Int:  8 (9)  God:
Gold:   90         SH:  9    Dex: 11 (12) Spells: 2/2 levels left

rFire   . . .      SeeInvis .   a - +0 war axe
rCold   . . .      Faith    .   c - +0 buckler
rNeg    . . .      Spirit   .   b - +0 scale mail
rPois   .          Reflect  +   (no helmet)
rElec   .          Harm     .   (no cloak)
rCorr   .          Rampage  .   (no gloves)
Will    .....                   (no boots)
Stlth   ..........              j - amulet of reflection
HPRegen 0.09/turn               (no ring)
MPRegen 0.08/turn               (no ring)

@: lethally poisoned (0 -> -4)
A: repulsion field 2
a: no special abilities


You were on level 1 of the Dungeon.
You visited 1 branch of the dungeon, and saw 2 of its levels.

You collected 90 gold pieces.

Inventory:

Hand Weapons
 a - a +0 war axe (weapon)
Missiles
 g - 6 poisoned darts (quivered)
 k - 6 stones
Armour
 b - a +0 scale mail (worn)
 c - a +0 buckler (worn)
Jewellery
 j - an amulet of reflection (around neck)
Scrolls
 f - 2 scrolls of identify {unknown}
 i - a scroll of immolation {unknown}
Potions
 d - a potion of might
 h - a potion of flight {unknown}


   Skills:
 + Level 3.2 Fighting
 + Level 2.2 Axes
 + Level 3.1 Armour
 + Level 0.5 Dodging
 + Level 2.9 Shields


You had 2 spell levels left.
You didn't know any spells.
Your spell library was empty.

Dungeon Overview and Level Annotations

Branches:
Dungeon (2/15)

Altars:

Annotations:
D:2 Robin


Innate Abilities, Weirdness & Mutations

You are surrounded by a moderate repulsion field. (EV +3)


Message History

Things that are here:
a +0 dagger; a goblin corpse You climb downwards.
Level annotation: Robin The goblin hits you with a +0 club.
The goblin barely misses you.
Robin roars a battlecry!
The goblins go into a battle-frenzy!
The goblin closely misses you. The goblin misses you.
The goblin hits you with a +0 club. x2
There is a stone staircase leading up here.
The goblin closely misses you. You block the goblin's attack.
The goblin misses you.
Robin hits you from afar with a +3 spear of venom.
You are lethally poisoned!
The goblin hits you but does no damage.
You climb upwards.
You feel very sick.
There is a stone staircase leading down here.
Things that are here:
a +0 dagger; a goblin corpse You closely miss the goblin.
You barely miss the goblin.
* * * LOW HITPOINT WARNING * * *
You feel very sick. You block the goblin's attack.
The goblin closely misses you.
You completely miss the goblin. You barely miss the goblin.
* * * LOW HITPOINT WARNING * * *
You feel sick. The goblin hits you with a +0 club.
* * * LOW HITPOINT WARNING * * *
You block the goblin's attack. The goblin closely misses you.
You block the goblin's attack.
You slash the goblin!
You kill the goblin!
You slash the goblin!
You kill the goblin!
* * * LOW HITPOINT WARNING * * *
You feel sick.
It was a potion of degeneration.
There was something very wrong with that liquid.
You feel weakened.
You feel dopey.
You feel clumsy.
You die...

###..#.##.####.......#.#...##.#
# #..#.##.# #######.#.#...##.# #
#..#.##.# #.#.##########
#..#.##.# ##.#.# ####8<8
#..#.##.#########....####......
#).#.#............#....#8......
#..#.#..######.##....###...8...
#..#.#..# #g###.#.# #8...... #
#..#.#..# #@##....# ##......
###..#.#..# ##g#.###.## #......
.##..#.#..# ##.....#...#######'#
###..#.#..#
##....).#.......###.# #
#..#.#..###.......#...##....รท.#
#..#.#......#....###.###..#####
#..#.....##...............#
#..................######.#
###.........................#


You could see 2 goblins.

Vanquished Creatures
  A dart slug (D:1)
  A bat (D:1)
  3 endoplasms
  A giant cockroach (D:1)
  7 goblins (D:1)
  A hobgoblin (D:1)
  8 jackals (D:1)
  2 kobolds (D:1)
  2 quokkas (D:1)
  3 ball pythons (D:1)
  2 frilled lizards (D:1)
  A rat (D:1)
32 creatures vanquished.

Notes
Turn   | Place    | Note
-------+----------+-------------------------------------------
     0 | D:1      | jlumianski the Demonspawn Fighter began the quest for the
                  | Orb.
     0 | D:1      | Reached XP level 1. HP: 18/18 MP: 1/1
   269 | D:1      | Gained mutation: You are surrounded by a mild repulsion
                  | field. (EV +2) [demonic ancestry]
   269 | D:1      | Reached XP level 2. HP: 24/24 MP: 2/2
   293 | D:1      | Found a faded altar of an unknown god.
   728 | D:1      | Gained mutation: You are surrounded by a moderate repulsion
                  | field. (EV +3) [demonic ancestry]
   728 | D:1      | Reached XP level 3. HP: 22/29 MP: 3/3
  1355 | D:2      | Noticed Robin
  1392 | D:1      | HP: 1/29 [poisoned by Robin]
  1393 | D:1      | Succumbed to Robin's poison

Illustrated notes

Levels and vault maps discovered:
D:1:      mrwooster_arrival_statue_3, layout_loops_ring,
          hellmonk_ecumenical_altar_crossroads
D:2:      layout_rooms, uniq_robin

Skill      XL: |  1  2 |
---------------+-------+-----
Armour         | 3 |  3.1
Axes           | 2 |  2.2
Fighting       | |  3.2
Dodging        | |  0.5
Shields        | |  2.9

Action                   || total
-------------------------++-------
Melee: War axe           ||    83
  Use: Potion            ||     1
Armor: Scale mail        ||    36
Dodge: Dodged            ||    61
Block: Buckler           ||    43
       Reflection        ||     2

Table legend: (Time is in decaauts)
 A = Elapsed time spent in this place.
 B = Non-inter-level travel time spent in this place.
 C = Inter-level travel time spent in this place.
 D = Time resting spent in this place.
 E = Time spent auto-exploring this place.
 F = Levels seen in this place.
 G = Mean time per level.
                   A        B        C        D        E       F      G
               +--------+--------+--------+--------+--------+-----+--------+
         Total |   1431 |   1423 |      8 |    208 |    887 |   2 |  715.5 |
       Dungeon |   1431 |   1423 |      8 |    208 |    887 |   2 |  715.5 |
               +--------+--------+--------+--------+--------+-----+--------+

Top non-repeatable levels by time:
     D:1: 1399 daAuts
     D:2: 32 daAuts
